 Dungeon Crawl Stone Soup version 0.23.1 (webtiles) character file.

Game seed: 7039944228577609756

0 glosham the Skirmisher (level 1, -1/18 HPs)
             Began as a Mummy Abyssal Knight on Mar 12, 2019.
             Was a Follower of Lugonu.
             Slain by a thrashing horror (4 damage)
             ... on level 3 of the Abyss.
             The game lasted 00:04:59 (229 turns).

glosham the Skirmisher (Mummy Abyssal Knight)        Turns: 229, Time: 00:05:01

Health: -1/18      AC:  3    Str: 15    XL:     1   Next: 0%
Magic:  2/2        EV: 11    Int: 11    God:    Lugonu [*.....]
Gold:   15         SH:  0    Dex: 11    Spells: 0/0 levels left

rFire    x . .     SeeInvis .   a - +2 hand axe
rCold    + . .     Gourm    .   (no shield)
rNeg     + + +     Faith    .   b - +0 leather armour
rPois    ∞         Spirit   .   (no helmet)
rElec    .         Reflect  .   (no cloak)
rCorr    .         Harm     .   (no gloves)
MR       .....                  (no boots)
Stlth    +.........             (no amulet)
HPRegen  0.06/turn              (no ring)
MPRegen  0.08/turn              (no ring)

@: no status effects
A: no food or potions, fire vulnerability, cold resistance 1, negative energy
resistance 3, torment resistance, unbreathing
a: Depart the Abyss, Renounce Religion


You were on level 3 of the Abyss.
You worshipped Lugonu.
Lugonu was aware of your devotion.
You were not hungry.

You visited 0 branches of the dungeon, and saw 0 of its levels.
You visited the Abyss 1 time.

You collected 15 gold pieces.

Inventory:

Hand Weapons
 a - a +2 hand axe (weapon)
 d - a +0 hunting sling
 f - a +1 arbalest of freezing
Armour
 b - a +0 leather armour (worn)
 c - a +0 ring mail
Wands
 e - a wand of enslavement (11)


   Skills:
 * Level 3.0 Fighting
 - Level 1.5 Axes
 - Level 1.5 Armour
 - Level 0.7 Dodging
 - Level 1.5 Invocations


You couldn't memorise any spells.
You didn't know any spells.
Your spell library was empty.

Dungeon Overview and Level Annotations

Branches:
Dungeon (0/15)

Altars:


Innate Abilities, Weirdness & Mutations

You do not eat or drink.
Your flesh is vulnerable to fire.
You are immune to poison.
Your flesh is cold resistant. (rC+)
You are immune to negative energy. (rN+++)
You are immune to unholy pain and torment.
You can survive without breathing.


Message History

Okay, then.
Found a crystal ball of energy.
There is a gateway leading deeper into the Abyss here.
You plunge deeper into the Abyss.
The abyssal rune of Zot can be found at this depth.
Found a runed arbalest.
You see here a runed arbalest.
f - a runed arbalest
Found 17 sling bullets.
Found 19 stones.
Found 9 gold pieces.
You see here 9 gold pieces.
You now have 15 gold pieces (gained 9).
Found a shield.
Found a scroll labeled ESUUZA EZOE.
Found 22 gold pieces.
You see here a shield.
Evoke which item? (* to show all) (? for menu, Esc to quit)
Aiming: Enslavement
Press: ? - help, Shift-Dir - straight line, f - chaos spawn
Aim: a chaos spawn (translocational energy, hasn't noticed you, chance to defeat MR: 15%)
Okay, then.
A thrashing horror comes into view.
The thrashing horror roars!
Something shouts, "Decamp, thou unctious base-court tinder!"
Evoke which item? (* to show all) (? for menu, Esc to quit)
Aiming: Enslavement
Press: ? - help, Shift-Dir - straight line, f - thrashing horror
Aim: a thrashing horror (chance to defeat MR: 15%)
The thrashing horror resists with almost no effort.
Evoke which item? (* to show all) (? for menu, Esc to quit)
Aiming: Enslavement
Press: ? - help, Shift-Dir - straight line, f/p - thrashing horror
Aim: a thrashing horror (chance to defeat MR: 15%)
The thrashing horror resists with almost no effort.
The thrashing horror tramples you!
Ouch! That really hurt!
* * * LOW HITPOINT WARNING * * *
You hold your ground!
The thrashing horror tramples you.
You die...

.. # ## ..
#. .## .#
.. ..# #.
#. .. .# ..
.#. #.#X#
..#.@##
##..##.# .
#... #.##
..#...###.#
..##....##
..........
# #.#
##.....#
#...
##.#.#..#
.##..
##.###.#


You could see a thrashing horror.

Vanquished Creatures (others)
  A lurking horror (Abyss:1)
1 creature vanquished.

Notes
Turn   | Place    | Note
-------+----------+-------------------------------------------
     0 | Abyss:1  | glosham the Mummy Abyssal Knight began the quest for the
                  | Orb.
     0 | Abyss:1  | Reached XP level 1. HP: 18/18 MP: 2/2
   114 | Abyss:1  | Noticed an orange demon
   123 | Abyss:1  | Noticed a sixfirhy
   125 | Abyss:1  | Noticed a small abomination
   132 | Abyss:1  | Noticed a lich
   151 | Abyss:2  | Found a corrupted altar of Lugonu.
   179 | Abyss:2  | Noticed a small abomination
   211 | Abyss:3  | Noticed a chaos spawn
   227 | Abyss:3  | Noticed a thrashing horror
   229 | Abyss:3  | Slain by a thrashing horror

Action                   || total
-------------------------++-------
Evoke: Wand              ||     2
  Use: Scroll            ||     1
Armor: Leather armour    ||     1

Table legend:
 A = Turns spent in this place as a percentage of turns spent in the entire game.
 B = Non-inter-level travel turns spent in this place as a percentage of non-inter-level travel turns spent in the entire game.
 C = Inter-level travel turns spent in this place as a percentage of turns spent in this place.
 D = Turns resting spent in this place as a percentage of non-inter-level travel turns spent in this place.
 E = Turns spent auto-exploring this place as a percentage of non-inter-level travel turns spent in this place.
 F = Non-inter-level travel turns spent in this place divided by the number of levels of this place that you've seen.
                   A       B       C       D       E      F
               +-------+-------+-------+-------+-------+----------------------
         Total | 100.0 | 100.0 |   0.0 |   0.0 |   0.0 |  76.3
         Abyss | 100.0 | 100.0 |   0.0 |   0.0 |   0.0 |  76.3
               +-------+-------+-------+-------+-------+----------------------

Levels and vault maps discovered:
Abyss:1
Abyss:2
Abyss:3:  evilmike_abyss_exit_glass, nicolae_abyss_rune_left_handed,
          minivault_1, bh_silent_lugonu_exit
